 Seeded DCSS version 0.29.1-15-g9cfb28693d (webtiles) character file.

Game seed: 1 (custom seed)

1127 Kazon the Agent of Entropy (level 8, 0/63 (64) HPs)
             Began as a Demonspawn Abyssal Knight on Mar 1, 2023.
             Was a Priest of Lugonu.
             Slain by an eidolon (5 damage)
             ... summoned by Lugonu's corruption
             ... on level 5 of the Dungeon.
             The game lasted 00:17:11 (3497 turns).

Kazon the Agent of Entropy (DsAK)                   Turns: 3497, Time: 00:17:12

HP:   0/63 (64)     AC:  8    Str: 14    XL:     8   Next: 13%
MP:   11/12         EV: 28    Int: 11    God:    Lugonu [***...]
Gold: 672           SH:  0    Dex: 16    Spells: 7/7 levels left

rFire   . . .      SeeInvis .   e - +2 dagger (venom)
rCold   . . .      Faith    .   (no shield)
rNeg    + . .      Spirit   .   k - +0 leather armour
rPois   .          Reflect  .   g - +0 helmet
rElec   .          Harm     .   (no cloak)
rCorr   .          Rampage  .   (no gloves)
Will    .....                   j - +2 pair of boots
Stlth   +++.......              d - amulet of the acrobat
HPRegen 0.20/turn               q - ring of positive energy
MPRegen 0.13/turn               (no ring)

@: acrobatic, lightly drained
A: claws 2, powered by death 1, spiny 1
a: Renounce Religion, Depart the Abyss, Bend Space, Banish


You were on level 5 of the Dungeon.
You worshipped Lugonu.
Lugonu was most pleased with you.
You visited 1 branch of the dungeon, and saw 5 of its levels.
You visited the Abyss 1 time.

You collected 856 gold pieces.
You spent 184 gold pieces at shops.

Inventory:

Hand Weapons
 e - a +2 dagger of venom (weapon)
 s - the +3 falchion of Winter {venom, rCorr}
   (You bought it in a shop on level 3 of the Dungeon)

   It poisons the flesh of those it strikes.
   rCorr:     It protects you from acid and corrosion.
Missiles
 h - 17 stones (quivered)
 n - a throwing net
 o - 5 boomerangs
Armour
 g - a +0 helmet (worn)
 j - a +2 pair of boots (worn)
 k - a +0 leather armour (worn)
 z - a +3 leather armour of cold resistance
Jewellery
 d - an amulet of the acrobat (around neck)
 q - a ring of positive energy (left claw)
 B - a ring of protection from cold
Wands
 y - a wand of mindburst (20)
 A - a wand of flame (13)
Scrolls
 i - 9 scrolls of identify {unknown}
 l - a scroll of immolation {unknown}
 p - a scroll of poison {unknown}
 t - a scroll of magic mapping {unknown}
 u - 2 scrolls of noise {unknown}
 v - a scroll of fog {unknown}
 w - a scroll of teleportation {unknown}
 x - a scroll of enchant weapon {unknown}
Potions
 a - 2 potions of ambrosia {unknown}
 b - 2 potions of berserk rage {unknown}
 c - a potion of attraction {unknown}
 f - a potion of flight {unknown}
 m - 2 potions of haste {unknown}
 r - 3 potions of lignification {unknown}


   Skills:
 + Level 6.0 Fighting
 + Level 4.5(5.8) Short Blades
 + Level 5.6(6.4) Long Blades
 + Level 4.0 Throwing
 + Level 4.8 Armour
 + Level 4.2 Dodging
 + Level 4.7 Stealth
 + Level 6.0 Invocations


You had 7 spell levels left.
You didn't know any spells.
Your spell library contained the following spells:

 Spells                   Type           Power      Damage    Failure   Level
 Apportation              Tloc           0%         N/A       41%         1
 Necrotise                Necr           0%         1d4       41%         1
 Sting                    Tmut/Pois      0%         1d3       41%         1
 Summon Small Mammal      Summ           0%         N/A       41%         1
 Poisonous Vapours        Pois/Air       0%         N/A       54%         2
 Olgreb's Toxic Radiance  Pois           0%         N/A       99%         4
 Fireball                 Conj/Fire      0%         3d3       100%        5
 Iskenderun's Battlesphe  Conj           0%         2d6       100%        5
 Conjure Ball Lightning   Conj/Air       0%         3x3d6     100%        6
 Orb of Destruction       Conj           0%         9d5       100%        7


Dungeon Overview and Level Annotations

Branches:
Dungeon (5/15)
 Temple: D:4-7

Altars:
Hepliaklqana

Shops:
D:3 (

Annotations:
D:5 corrupted


Innate Abilities, Weirdness & Mutations

You have very sharp fingernails.
You regenerate a little health from kills.
You are partially covered in sharp spines.


Message History

The thrashing horror tramples you!
You hold your ground!
The thrashing horror closely misses you.
Unknown command.
Unknown command.
The steelbarb worm changes into a shining eye!
The thrashing horror completely misses you.
The thrashing horror misses you.
The large abomination is struck by your spines.
The large abomination barely misses you.
The acid dragon changes into a human!
The thrashing horror completely misses you. x2
The shining eye changes into a snapping turtle!
The worldbinder is struck by your spines.
The worldbinder hits you. The worldbinder completely misses you.
The earth elemental closely misses you.
The large abomination completely misses you.
The worldbinder barely misses you. The worldbinder completely misses you.
The worldbinder is struck by your spines.
The worldbinder misses you. The worldbinder closely misses you.
Items here: ) / [ †.
z - a +3 leather armour of cold resistance
A - a wand of flame (13)
The caustic shrike skeleton is struck by your spines.
The caustic shrike skeleton claws you!!
* * * LOW HITPOINT WARNING * * *
Unknown command.
Okay, then.
Unknown command.
You aren't in the Abyss!
Unknown command.
Found a murky purple potion.
Found a stone staircase leading down.
The starcursed mass touches you.
* * * LOW HITPOINT WARNING * * *
You see here a ring of protection from cold.
B - a ring of protection from cold You see here a murky purple potion.
r - 3 murky purple potions (gained 1)
The eidolon barely misses you. The eidolon hits you.
You die...

#..X.Z..# .# ######
#.......# .#
#....###)##†.x## ..
##..#.#..#..##.# ..
##...#.3#.#..#..# ##..
#........#.....#### #..#
#........W.....#.#.### ##..#
#........##W...X.....###..##
#.....##...@##.#....<....###
#........X##....###......###
##>.....##.#.5..#..###...##.
###...## .##...... ##..##.
##### ###..#... #..#..
#...... #..#.. #.....X
##.... #..... #.... #....


You could see a neutral starcursed mass (summoned, wandering), a neutral
tentacled starspawn (summoned, wandering), a neutral eidolon (summoned,
wandering), a neutral large abomination (summoned, wandering), a neutral small
abomination (summoned, wandering) and a neutral iron imp (summoned, wandering).

Vanquished Creatures
  Menkaure (D:5)
  A water moccasin (D:5)
  A centaur (D:5)
  A necrophage (D:5)
  4 scorpions
  A howler monkey (D:5)
  A hound (D:4)
  An orc priest (D:3)
  2 iguanas
  Robin (D:3)
  3 gnolls (D:2)
  9 adders
  3 worms
  7 orcs
  11 endoplasms
  A giant cockroach (D:1)
  16 goblins
  9 hobgoblins
  A jackal (D:4)
  4 kobolds
  A quokka (D:1)
  5 ball pythons
  4 bats
  3 frilled lizards
  6 rats
97 creatures vanquished.

Vanquished Creatures (others)
  Eustachio (D:5)
  A sky beast (D:5)
  A centaur (D:5)
  A scorpion (D:5)
  2 gnolls (D:5)
  An ufetubus (D:5)
  2 starspawn tentacles (D:5)
9 creatures vanquished.

Grand Total: 106 creatures vanquished

Notes
Turn   | Place    | Note
-------+----------+-------------------------------------------
     0 | Abyss:1  | Kazon the Demonspawn Abyssal Knight began the quest for the
                  | Orb.
     0 | Abyss:1  | Reached XP level 1. HP: 18/18 MP: 2/2
    13 | D:1      | Escaped the Abyss
   389 | D:1      | Gained mutation: You are partially covered in sharp spines.
                  | [demonic ancestry]
   389 | D:1      | Reached XP level 2. HP: 16/24 MP: 3/3
   414 | D:1      | Identified a scroll of acquirement
   414 | D:1      | Acquired 488 gold pieces
  1030 | D:2      | Gained mutation: You regenerate a little health from kills.
                  | [demonic ancestry]
  1030 | D:2      | Reached XP level 3. HP: 20/29 MP: 3/5
  1085 | D:2      | Reached *** piety under Lugonu
  1410 | D:2      | Reached skill level 1 in Dodging
  1539 | D:2      | Reached XP level 4. HP: 36/36 MP: 6/6
  1638 | D:3      | Found Umat's Antique Weapon Boutique.
  1697 | D:3      | Bought a crude falchion for 184 gold pieces
  1697 | D:3      | Identified the +3 falchion of Winter {venom, rCorr} (You
                  | bought it in a shop on level 3 of the Dungeon)
  1845 | D:3      | Noticed Robin
  1862 | D:3      | Killed Robin
  1899 | D:3      | Reached XP level 5. HP: 42/42 MP: 7/7
  1902 | D:3      | Reached skill level 1 in Stealth
  2000 | D:3      | Reached **** piety under Lugonu
  2090 | D:3      | Reached skill level 5 in Fighting
  2090 | D:3      | Reached skill level 5 in Long Blades
  2090 | D:3      | Reached XP level 6. HP: 52/52 MP: 7/10
  2606 | D:4      | Found a hazy altar of Hepliaklqana.
  2724 | D:4      | Gained mutation: You have sharp fingernails. [demonic
                  | ancestry]
  2724 | D:4      | Reached XP level 7. HP: 55/57 MP: 11/11
  3106 | D:5      | Entered Level 5 of the Dungeon
  3135 | D:5      | Noticed Menkaure
  3144 | D:5      | Killed Menkaure
  3214 | D:5      | Gained mutation: You have very sharp fingernails. [demonic
                  | ancestry]
  3214 | D:5      | Reached XP level 8. HP: 64/64 MP: 12/12
  3443 | D:5      | Noticed Eustachio
  3448 | D:5      | Corrupted D:5
  3448 | D:5      | Noticed a large abomination
  3448 | D:5      | Noticed a raiju
  3448 | D:5      | Noticed a red devil
  3448 | D:5      | Noticed a green very ugly thing
  3448 | D:5      | Noticed a wizard
  3448 | D:5      | Noticed a white draconian
  3448 | D:5      | Noticed a lich
  3448 | D:5      | Noticed a raiju
  3448 | D:5      | Noticed a freezing wraith
  3448 | D:5      | Noticed a worldbinder
  3448 | D:5      | Noticed a worldbinder
  3448 | D:5      | Noticed a starcursed mass
  3448 | D:5      | Noticed a worldbinder
  3448 | D:5      | Noticed a hellwing
  3448 | D:5      | Noticed an eidolon
  3450 | D:5      | Noticed a large abomination
  3450 | D:5      | Noticed a large abomination
  3450 | D:5      | Noticed a great orb of eyes
  3450 | D:5      | Noticed a tentacled starspawn
  3451 | D:5      | Noticed a wolf spider
  3451 | D:5      | Noticed a tarantella
  3452 | D:5      | Noticed a thrashing horror
  3452 | D:5      | Killed Eustachio
  3454 | D:5      | Noticed a wolf spider
  3456 | D:5      | Noticed a cyclops
  3456 | D:5      | a glowing shapeshifter changed into a cyclops
  3458 | D:5      | Noticed a snapping turtle
  3458 | D:5      | Noticed a tentacled starspawn
  3459 | D:5      | Noticed a two-headed ogre
  3459 | D:5      | a cyclops changed into a two-headed ogre
  3461 | D:5      | Noticed a large abomination
  3462 | D:5      | Noticed a moth of wrath
  3462 | D:5      | a two-headed ogre changed into a moth of wrath
  3466 | D:5      | Noticed a steelbarb worm
  3466 | D:5      | a moth of wrath changed into a steelbarb worm
  3468 | D:5      | Noticed a shining eye
  3468 | D:5      | a steelbarb worm changed into a shining eye
  3473 | D:5      | Noticed a snapping turtle
  3473 | D:5      | a shining eye changed into a snapping turtle
  3474 | D:5      | Noticed a caustic shrike skeleton
  3474 | D:5      | Noticed a smoke demon
  3481 | D:5      | HP: 2/63 [starcursed mass[Lugonu's corruption] (3)]
  3497 | D:5      | Slain by an eidolon

Illustrated notes

Levels and vault maps discovered:
D:1:      dpeg_arrival_three_smaller_balls, layout_basic
D:2:      layout_loops_ring
D:3:      layout_basic, serial_shops, nicolae_shop_stone, st_stairs_9,
          minmay_misc_feat_doors, eino_curves_03, uniq_robin
D:4:      minmay_wonky_spiral, layout_basic,
          mainiacjoe_overflow_surrounded_room, minivault_5
D:5:      layout_cave_pods, uniq_menkaure, uniq_eustachio

Skill      XL: |  1  2  3  4  5  6  7 |
---------------+----------------------+-----
Long Blades    | 2 3 5 |  5.6
Armour         | 2 4 |  4.8
Dodging        | 1 3 4 |  4.2
Stealth        | 4 |  4.7
Fighting       | 5 6 |  6.0
Short Blades   | 3 4 |  4.5
Throwing       | 3 4 |  4.0
Invocations    | 6 |  6.0

Action                   |  1- 3 |  4- 6 |  7- 9 || total
-------------------------+-------+-------+-------++-------
Melee: Falchion          |    78 |       |    39 ||   117
       Dagger            |    15 |   105 |     9 ||   129
       Punch             |     1 |     2 |       ||     3
Throw: Stone             |    11 |    14 |     9 ||    34
Invok: Bend Space        |     1 |       |       ||     1
       Corrupt           |       |       |     1 ||     1
  Use: Scroll            |     1 |       |       ||     1
       Potion            |       |     1 |       ||     1
 Stab: Sleeping          |     1 |     1 |     6 ||     8
Armor: Leather armour    |    22 |    18 |    13 ||    53
Dodge: Dodged            |    46 |    57 |    71 ||   174
